AoeStats
← taksuparth

Arabia

505178872Analyzed
1v1 RM · 25d ago on Sep 8, 2026· 30m 39s· 2 players
Game mode
Random Map
Map size
Tiny (2 player)
Population
200
Speed
Normal
Resources
Standard
Victory
Conquest
Starting age
Dark Age
Ending age
Imperial Age
RankedLock teamsTeams togetherTeam positionsShared explorationLock speedFull tech treeHidden civsTurbo modeCheats
Victory
Defeat
🇪🇸 Franks · Spain
754
+17
🇮🇳 Mongols · India
774
-17
taitanlux
2:38 Loom
10:33 Feudal Age
11:40 Man-at-Arms
17:30 Double-Bit Axe
20:41 Castle Age
20:32 Gold Mining
20:53 Scale Barding Armor
20:59 Forging
21:32 Husbandry
25:06 Bow Saw
25:54 Iron Casting
26:48 Chain Barding Armor
taksuparth
3:53 Loom
10:35 Feudal Age
11:17 Horse Collar
11:26 Double-Bit Axe
17:23 Gold Mining
19:13 Forging
22:38 Wheelbarrow
25:38 Castle Age
23:56 Scale Barding Armor
23:40 Town Watch
26:54 Stone Mining
29:02 Pikeman
31:06 Squires
Connection lost

Rejoining the realm…

Still unreachable

The connection could not be restored.

Session expired

The server has moved on; the page needs a fresh start.